woodfighter, neutral female scurrid Tourist ---------- |........| |........| |........| --.-|----- ##### ## ####### ### . ###@# #d ... r |....- |..... |...... ......| -------- woodfighter the Sightseer Experience level: 5 Strength: 10 Dexterity: 13 Constitution: 14 Intelligence: 13 Wisdom: 8 Charisma: 17 Health: 0(26) Energy: 21(21) Def: 0 Gold: 973 Moves: 1459 Dungeon seed: lBuiNaPzZydRuL6t Game ID: woodfighter_1523803022 Your Inventory: Coins $ - 973 gold pieces Weapons a - 44 +2 darts (in quiver) Armor e - an uncursed +0 Hawaiian shirt Comestibles b - 8 uncursed food rations c - an uncursed tripe ration d - an uncursed cram ration g - an uncursed candy bar i - an uncursed egg s - an uncursed egg J - an uncursed sprig of wolfsbane R - an uncursed lichen corpse Scrolls f - an uncursed scroll of identify l - 4 uncursed scrolls of magic mapping F - an uncursed scroll of scare monster P - an uncursed scroll of remove curse Q - an uncursed scroll of enchant weapon Spellbooks Z - a blessed spellbook of haste self Potions j - a blessed potion of extra healing k - an uncursed potion of extra healing r - 3 uncursed potions of hallucination O - an uncursed potion of invisibility Rings q - a cursed -1 ring of increase damage w - an uncursed ring of see invisible Wands o - a wand of secret door detection (0:14) Tools m - an expensive camera (0:39) p - an uncursed leash v - an uncursed oil lamp (0:1289) y - an uncursed credit card L - an uncursed leash Spells and supernatural/magical abilities: Name Level Category Fail Memory W - pray for help -- divine ? -- Your skills at the end: Miscellaneous Skills wands [Basic] Weapon Skills dart [Basic] Spellcasting Skills Final Attributes: You were devoutly aligned. You were telepathic. You had infravision. You were very stealthy. You are dead. Vanquished creatures: a large mimic a giant beetle 2 floating eyes an iguana a centipede an orc zombie 3 dwarf zombies an acid blob a large kobold 2 geckos 2 hobgoblins a giant rat a yellow mold a red mold 8 manes 11 jackals a fox a kobold 6 newts 3 lichens a kobold zombie 50 creatures vanquished. Voluntary challenges: You did not adorn yourself with jewelry or accessories. You did not cause conflict. You were not invisible. You did not have reflection. You were not displaced. You were an atheist. You never hit with a wielded weapon. You did not apply a unicorn horn. You did not use plumbed fixtures. You did not drink any magical draughts. You read items or engraved 2 times, starting on turn 910. You never genocided any monsters. You never polymorphed an object. You never changed form. You used no wishes. You never split a pudding. You never wrote Elbereth's name. You never violated your personal moral code. Dungeon overview: The Dungeons of Doom: levels 1 to 8 Level 1 some altars to Blind Io, a sink a long staircase Level 2 Level 3 a scroll shop Level 4 an altar to Offler stairs to The Gnomish Mines Level 5 a fountain Level 6 many fountains Level 8 <- You were here The Gnomish Mines: Level 5 stairs to The Dungeons of Doom History has recorded: On T:1 you entered the Dungeons of Doom to retrieve the Amulet of Yendor! On T:52 you reached level 2 of The Dungeons of Doom. On T:410 you reached level 3 of The Dungeons of Doom. On T:598 you advanced to experience level 2. On T:600 you reached level 4 of The Dungeons of Doom. On T:751 you advanced to experience level 3. On T:922 you advanced to experience level 4. On T:972 you reached level 1 of The Gnomish Mines. On T:1050 you reached level 5 of The Dungeons of Doom. On T:1241 you reached level 6 of The Dungeons of Doom. On T:1410 you advanced to experience level 5. On T:1439 you reached level 8 of The Dungeons of Doom. Score breakdown: Gold: 261 ( 26 points) Experience: 5 levels ( 400 points) Exploration: 8 levels ( 210 points) Discoveries: 13 items ( 650 points) Variety of kills: 21 monsters ( 1050 points) Major goal: (nothing yet) ( 0 points) Survival: died (score multiplied by 3) Total score: 7008 Latest messages: The dart hits the dwarf zombie! You destroy the dwarf zombie! The dart hits the dwarf zombie! The dart hits the dwarf zombie! The dwarf zombie scratches you! You destroy the dwarf zombie! a - 8 +2 darts (in quiver). There are a few more objects here. A trap door opens up under you! This door is locked. You succeed in picking the lock. The door resists! (2x) The door opens. You stop exploring. The dart hits the rabid rat. The rabid rat bites! The dart hits the rabid rat! The rabid rat bites! You die... Final status: Aloha woodfighter the Tourist, killed by a rabid rat... You died in The Dungeons of Doom on dungeon level 8 with 7008 points, and 973 pieces of gold, after 1459 moves. You were level 5 with a maximum of 26 hit points when you died.